| TOP OF THE 1ST |
|
Atlanta (MID) Braves batting - Pitching for Augusta GreenJackets : RHP Ignacio Gomez
|
|
Pitching: RHP Ignacio Gomez
|
|
|
Batting: LHB Bobby Upton
|
0-0: Ball 1-0: Ball 2-0: Foul Ball, location: 2F 2-1: Called Strike 2-2: Ball 3-2: Base on Balls
|
|
Batting: LHB Tommy Williams
|
0-0: Called Strike 0-1: Ball Bobby Upton steals 2nd base 1-1: Swinging Strike Balk! Bobby Upton to third 1-2: Ground out 6-3 (Groundball, 6, EV 78.1 MPH) Bobby Upton scores
|
|
Batting: RHB Corey Dalton
|
0-0: Ball 1-0: Ball 2-0: Called Strike 2-1: Ground out 6-3 (Groundball, 6, EV 81.3 MPH)
|
|
Batting: RHB Mike Shook
|
0-0: Called Strike 0-1: Foul Ball, location: 2F 0-2: Fly out, F9 (Flyball, 89D, EV 90.0 MPH)
|
| Top of the 1st over - 1 run, 0 hits, 0 errors, 0 left on base; Atlanta (MID) 1 - Augusta 0 |
| BOTTOM OF THE 1ST |
|
Augusta GreenJackets batting - Pitching for Atlanta (MID) Braves : RHP Ricky Rivera
|
|
Pitching: RHP Ricky Rivera
|
|
|
Batting: LHB Kevin Kantor
|
0-0: Called Strike 0-1: Ball 1-1: Swinging Strike 1-2: Ground out 4-3 (Groundball, 4, EV 91.3 MPH)
|
|
Batting: RHB Lucan Esini
|
0-0: Called Strike 0-1: Fly out, F8 (Flyball, 8LD, EV 88.1 MPH)
|
|
Batting: LHB Gabe Velez
|
0-0: Swinging Strike 0-1: SOLO HOME RUN (Flyball, 9D, EV 96.3 MPH), Distance : 385 ft
|
|
Batting: RHB Chris King
|
0-0: Ball 1-0: Ground out 6-3 (Groundball, 6, EV 83.8 MPH)
|
| Bottom of the 1st over - 1 run, 1 hit, 0 errors, 0 left on base; Atlanta (MID) 1 - Augusta 1 |
| TOP OF THE 2ND |
|
Atlanta (MID) Braves batting - Pitching for Augusta GreenJackets : RHP Ignacio Gomez
|
|
Batting: SHB Richello Badua
|
0-0: Called Strike 0-1: Ball 1-1: Ball 2-1: Ground out 6-3 (Groundball, 6, EV 100.6 MPH)
|
|
Batting: RHB Johnny Burroughs
|
0-0: Ball 1-0: Called Strike 1-1: Foul Ball, location: 2F 1-2: Strikes out swinging
|
|
Batting: RHB Andy Cunningham
|
0-0: Foul Ball, location: 2F 0-1: Ball 1-1: Called Strike 1-2: SINGLE (Line Drive, 9S, EV 85.6 MPH)
|
|
Batting: LHB Travis Lazaro
|
0-0: Ball 1-0: Called Strike 1-1: Called Strike Andy Cunningham steals 2nd base 1-2: Strikes out looking
|
| Top of the 2nd over - 0 runs, 1 hit, 0 errors, 1 left on base; Atlanta (MID) 1 - Augusta 1 |
| BOTTOM OF THE 2ND |
|
Augusta GreenJackets batting - Pitching for Atlanta (MID) Braves : RHP Ricky Rivera
|
|
Batting: RHB Drew Duncan
|
0-0: Ball 1-0: Ball 2-0: Ball 3-0: Called Strike 3-1: Swinging Strike 3-2: SINGLE (Groundball, 6M, EV 97.5 MPH) (infield hit)
|
|
Batting: RHB Davey Beeson
|
0-0: Ball 1-0: Foul Ball, location: 2F 1-1: Swinging Strike 1-2: Ball 2-2: Foul Ball, location: 2F 2-2: Fly out, F8 (Line Drive, 8RM, EV 88.1 MPH)
|
|
Batting: RHB Devin Lowery
|
0-0: Swinging Strike 0-1: Ball 1-1: Swinging Strike 1-2: Strikes out swinging
|
|
Batting: RHB Juan Flores
|
0-0: Reached on error, E4 (Groundball, 34S, EV 85.6 MPH) Drew Duncan to second
|
|
Batting: RHB Micah McErlean
|
0-0: Ball 1-0: Foul Ball, location: 2F 1-1: Ball 2-1: Swinging Strike 2-2: Foul Ball, location: 2F 2-2: Ball 3-2: Base on Balls Drew Duncan to third Juan Flores to second
|
|
Batting: LHB Kevin Kantor
|
0-0: Ball 1-0: Called Strike 1-1: Ball 2-1: Ground out U3 (Groundball, 34, EV 100.6 MPH)
|
| Bottom of the 2nd over - 0 runs, 1 hit, 1 error, 3 left on base; Atlanta (MID) 1 - Augusta 1 |
| TOP OF THE 3RD |
|
Atlanta (MID) Braves batting - Pitching for Augusta GreenJackets : RHP Ignacio Gomez
|
|
Batting: RHB Bobby Light
|
0-0: Ball 1-0: Fly out, F4 (Line Drive, 4, EV 66.3 MPH)
|
|
Batting: LHB Bobby Upton
|
0-0: Ball 1-0: Ball 2-0: Foul Ball, location: 2F 2-1: Foul Ball, location: 2F 2-2: Foul Ball, location: 2F 2-2: Foul Ball, location: 2F 2-2: Foul Ball, location: 2F 2-2: Ball 3-2: Base on Balls
|
|
Batting: LHB Tommy Williams
|
0-0: Ball Bobby Upton steals 2nd base (no throw) 1-0: Called Strike 1-1: Called Strike 1-2: Ground out 4-3 (Groundball, 4, EV 86.3 MPH) Bobby Upton to third
|
|
Batting: RHB Corey Dalton
|
0-0: Called Strike 0-1: Foul Ball, location: 2F 0-2: Ground out U3 (Groundball, 13, EV 80.6 MPH)
|
| Top of the 3rd over - 0 runs, 0 hits, 0 errors, 1 left on base; Atlanta (MID) 1 - Augusta 1 |
| BOTTOM OF THE 3RD |
|
Augusta GreenJackets batting - Pitching for Atlanta (MID) Braves : RHP Ricky Rivera
|
|
Batting: RHB Lucan Esini
|
0-0: Called Strike 0-1: Called Strike 0-2: Ball 1-2: Fly out, F6 (Line Drive, 6, EV 74.4 MPH)
|
|
Batting: LHB Gabe Velez
|
0-0: Called Strike 0-1: Called Strike 0-2: Ball 1-2: Ball 2-2: Ground out 4-3 (Groundball, 4, EV 87.5 MPH)
|
|
Batting: RHB Chris King
|
0-0: Called Strike 0-1: SOLO HOME RUN (Flyball, 9D, EV 102.5 MPH), Distance : 387 ft
|
|
Batting: RHB Drew Duncan
|
0-0: Called Strike 0-1: Fly out, F7 (Line Drive, 7, EV 96.9 MPH)
|
| Bottom of the 3rd over - 1 run, 1 hit, 0 errors, 0 left on base; Atlanta (MID) 1 - Augusta 2 |
| TOP OF THE 4TH |
|
Atlanta (MID) Braves batting - Pitching for Augusta GreenJackets : RHP Ignacio Gomez
|
|
Batting: RHB Mike Shook
|
0-0: Fly out, F4 (Popup, 4, EV 69.4 MPH)
|
|
Batting: SHB Richello Badua
|
0-0: Ball 1-0: Ball 2-0: Called Strike 2-1: Ball 3-1: Fly out, F8 (Flyball, 8RS, EV 83.1 MPH)
|
|
Batting: RHB Johnny Burroughs
|
0-0: Foul Ball, location: 2F 0-1: SOLO HOME RUN (Flyball, 7D, EV 95.6 MPH), Distance : 384 ft
|
|
Batting: RHB Andy Cunningham
|
0-0: Swinging Strike 0-1: Foul Ball, location: 2F 0-2: Strikes out swinging
|
| Top of the 4th over - 1 run, 1 hit, 0 errors, 0 left on base; Atlanta (MID) 2 - Augusta 2 |
| BOTTOM OF THE 4TH |
|
Augusta GreenJackets batting - Pitching for Atlanta (MID) Braves : RHP Ricky Rivera
|
|
Batting: RHB Davey Beeson
|
0-0: Called Strike 0-1: Called Strike 0-2: Foul Ball, location: 2F 0-2: Ball 1-2: Foul Ball, location: 2F 1-2: Foul Ball, location: 2F 1-2: Ball 2-2: DOUBLE (Groundball, 5L, EV 97.5 MPH)
|
|
Batting: RHB Devin Lowery
|
0-0: Called Strike 0-1: Called Strike 0-2: Ground out 1-3 (Groundball, P, EV 65.0 MPH) Davey Beeson to third
|
|
Batting: RHB Juan Flores
|
0-0: Ground out 5-3 (Groundball, 5, EV 105.0 MPH)
|
|
Batting: RHB Micah McErlean
|
0-0: Fly out, F3 (Flyball, 3D, EV 92.5 MPH)
|
| Bottom of the 4th over - 0 runs, 1 hit, 0 errors, 1 left on base; Atlanta (MID) 2 - Augusta 2 |
| TOP OF THE 5TH |
|
Atlanta (MID) Braves batting - Pitching for Augusta GreenJackets : RHP Ignacio Gomez
|
|
Batting: LHB Travis Lazaro
|
0-0: Ball 1-0: Ball 2-0: Called Strike 2-1: Ground out 4-3 (Groundball, 4, EV 85.6 MPH)
|
|
Batting: RHB Bobby Light
|
0-0: Ball 1-0: Ball 2-0: Ball 3-0: Base on Balls
|
|
Batting: LHB Bobby Upton
|
0-0: Ball 1-0: Ball Bobby Light steals 2nd base (no throw) 2-0: Foul Ball, location: 2F 2-1: Foul Ball, location: 2F 2-2: Foul Ball, location: 2F 2-2: Strikes out swinging
|
|
Batting: LHB Tommy Williams
|
0-0: Ball 1-0: Ground out 4-3 (Groundball, 4, EV 88.1 MPH)
|
| Top of the 5th over - 0 runs, 0 hits, 0 errors, 1 left on base; Atlanta (MID) 2 - Augusta 2 |
| BOTTOM OF THE 5TH |
|
Augusta GreenJackets batting - Pitching for Atlanta (MID) Braves : RHP Ricky Rivera
|
|
Batting: LHB Kevin Kantor
|
0-0: Ball 1-0: Called Strike 1-1: Swinging Strike 1-2: Reached on error, E8 (Flyball, 78M, EV 90.6 MPH)
|
|
Batting: RHB Lucan Esini
|
0-0: Foul Ball, location: 2F 0-1: Foul Ball, location: 2F 0-2: Strikes out swinging
|
|
Batting: LHB Gabe Velez
|
0-0: Ball 1-0: Ball 2-0: Ball Kevin Kantor steals 2nd base 3-0: Called Strike 3-1: SINGLE (Groundball, 4D, EV 106.9 MPH) Kevin Kantor to third Runner from 3rd tries for Home, SAFE, throw by CF to home
|
|
Batting: RHB Chris King
|
0-0: Called Strike 0-1: Called Strike 0-2: Foul Ball, location: 2F 0-2: Foul Ball, location: 2F 0-2: Ball 1-2: Ball 2-2: Fly out, F4 (Flyball, 34D, EV 83.8 MPH)
|
|
Batting: RHB Drew Duncan
|
0-0: Ball 1-0: Called Strike 1-1: Reached on error, E5 (Groundball, 56S, EV 66.9 MPH) Gabe Velez to second
|
|
Batting: RHB Davey Beeson
|
0-0: Ball 1-0: Foul Ball, location: 2F 1-1: Ball 2-1: Foul Ball, location: 2F 2-2: Fielders Choice at 2nd, 6-4 (Groundball, 6, EV 101.3 MPH)
|
| Bottom of the 5th over - 1 run, 1 hit, 2 errors, 2 left on base; Atlanta (MID) 2 - Augusta 3 |
| TOP OF THE 6TH |
|
Atlanta (MID) Braves batting - Pitching for Augusta GreenJackets : RHP Ignacio Gomez
|
|
Batting: RHB Corey Dalton
|
0-0: Foul Ball, location: 2F 0-1: Ball 1-1: Called Strike 1-2: Hit by Pitch
|
|
Batting: RHB Mike Shook
|
0-0: Foul Ball, location: 2F 0-1: Fly out, F8 (Flyball, 8LXD, EV 94.4 MPH)
|
|
Batting: SHB Richello Badua
|
0-0: Called Strike 0-1: Called Strike 0-2: Fielders Choice at 2nd, 4-6 (Groundball, 4, EV 104.4 MPH)
|
|
Batting: RHB Johnny Burroughs
|
0-0: Ball 1-0: Called Strike 1-1: Ball Richello Badua steals 2nd base 2-1: Called Strike 2-2: DOUBLE (Flyball, 89D, EV 105.0 MPH) Richello Badua scores
|
|
Batting: RHB Andy Cunningham
|
0-0: Foul Ball, location: 2F 0-1: Ground out 4-3 (Groundball, 4, EV 95.6 MPH)
|
| Top of the 6th over - 1 run, 1 hit, 0 errors, 1 left on base; Atlanta (MID) 3 - Augusta 3 |
| BOTTOM OF THE 6TH |
|
Augusta GreenJackets batting - Pitching for Atlanta (MID) Braves : RHP Ricky Rivera
|
|
Batting: RHB Devin Lowery
|
0-0: Ground out 5-3 (Groundball, 56, EV 91.3 MPH)
|
|
Batting: RHB Juan Flores
|
0-0: Called Strike 0-1: Ball 1-1: Called Strike 1-2: Ball 2-2: DOUBLE (Groundball, 5L, EV 103.1 MPH)
|
|
Batting: RHB Micah McErlean
|
0-0: Called Strike 0-1: Ball 1-1: Foul Ball, location: 2F 1-2: Ground out U3 (Groundball, 34, EV 105.0 MPH) Juan Flores to third
|
|
Batting: LHB Kevin Kantor
|
0-0: Intentional Walk
|
|
Batting: RHB Lucan Esini
|
0-0: Ball 1-0: Ball 2-0: Swinging Strike 2-1: Ball 3-1: Foul Ball, location: 2F Pickoff Throw to First - Error! E1 Juan Flores scores Kevin Kantor to second 3-2: Strikes out swinging
|
| Bottom of the 6th over - 1 run, 1 hit, 1 error, 1 left on base; Atlanta (MID) 3 - Augusta 4 |
| TOP OF THE 7TH |
|
Atlanta (MID) Braves batting - Pitching for Augusta GreenJackets : RHP Ignacio Gomez
|
|
Batting: LHB Travis Lazaro
|
0-0: Called Strike 0-1: Foul Ball, location: 2F 0-2: Foul Ball, location: 2F 0-2: Ball 1-2: Ball 2-2: Ball 3-2: DOUBLE (Flyball, 8LXD, EV 96.3 MPH)
|
|
Pitching: RHP Lorenzo Merjil
|
|
|
Batting: RHB Bobby Light
|
0-0: Ball 1-0: Called Strike 1-1: Sac Bunt to 5S - play at first, batter OUT! 5-3 Travis Lazaro to third
|
|
Batting: LHB Bobby Upton
|
0-0: Ball 1-0: Swinging Strike 1-1: Foul Ball, location: 2F 1-2: Ball 2-2: Strikes out looking
|
|
Batting: LHB Tommy Williams
|
0-0: Ball 1-0: Ball 2-0: Called Strike 2-1: Called Strike 2-2: Foul Ball, location: 2F 2-2: Strikes out swinging
|
| Top of the 7th over - 0 runs, 1 hit, 0 errors, 1 left on base; Atlanta (MID) 3 - Augusta 4 |
| BOTTOM OF THE 7TH |
|
Augusta GreenJackets batting - Pitching for Atlanta (MID) Braves : RHP Ricky Rivera
|
|
Pitching: RHP Kevin Zika
|
|
|
Batting: LHB Gabe Velez
|
0-0: Ground out 1-3 (Groundball, 15S, EV 70.0 MPH)
|
|
Batting: RHB Chris King
|
0-0: Ball 1-0: Called Strike 1-1: Ball 2-1: Fly out, F9 (Line Drive, 9, EV 90.6 MPH)
|
|
Batting: RHB Drew Duncan
|
0-0: Ball 1-0: SINGLE (Groundball, 56, EV 103.8 MPH) (infield hit)
|
|
Batting: RHB Davey Beeson
|
0-0: Called Strike 0-1: Called Strike 0-2: SINGLE (Flyball, 4MD, EV 93.1 MPH) Drew Duncan to second Runner from 2nd tries for 3rd, SAFE, throw by CF made to third
|
|
Batting: RHB Devin Lowery
|
0-0: Ball 1-0: Ball 2-0: Called Strike 2-1: Swinging Strike 2-2: Ball 3-2: Strikes out swinging
|
| Bottom of the 7th over - 0 runs, 2 hits, 0 errors, 2 left on base; Atlanta (MID) 3 - Augusta 4 |
| TOP OF THE 8TH |
|
Atlanta (MID) Braves batting - Pitching for Augusta GreenJackets : RHP Lorenzo Merjil
|
|
Batting: RHB Corey Dalton
|
0-0: Called Strike 0-1: Ball 1-1: Ball 2-1: Ground out 6-3 (Groundball, 56, EV 79.4 MPH)
|
|
Batting: RHB Mike Shook
|
0-0: Foul Ball, location: 2F 0-1: Ground out 4-3 (Groundball, 34S, EV 59.4 MPH)
|
|
Batting: SHB Richello Badua
|
0-0: Ball 1-0: Ball 2-0: Foul Ball, location: 2F 2-1: SINGLE (Line Drive, 6MD, EV 95.6 MPH)
|
|
Batting: RHB Johnny Burroughs
|
0-0: Called Strike 0-1: Ball 1-1: Ball 2-1: 2-RUN HOME RUN (Flyball, 7D, EV 102.5 MPH), Distance : 382 ft
|
|
Batting: RHB Andy Cunningham
|
0-0: Foul Ball, location: 2F 0-1: Ball 1-1: Called Strike 1-2: Foul Ball, location: 2F 1-2: Ball 2-2: Ground out 5-3 (Groundball, 56S, EV 90.6 MPH)
|
| Top of the 8th over - 2 runs, 2 hits, 0 errors, 0 left on base; Atlanta (MID) 5 - Augusta 4 |
| BOTTOM OF THE 8TH |
|
Augusta GreenJackets batting - Pitching for Atlanta (MID) Braves : RHP Kevin Zika
|
|
Pitching: RHP Josh Thomas
|
|
|
Batting: RHB Juan Flores
|
0-0: Called Strike 0-1: Ball 1-1: Ball 2-1: Called Strike 2-2: Strikes out swinging
|
|
Batting: RHB Micah McErlean
|
0-0: Ball 1-0: Foul Ball, location: 2F 1-1: Foul Ball, location: 2F 1-2: Ball 2-2: Strikes out looking
|
|
Batting: LHB Kevin Kantor
|
0-0: Called Strike 0-1: Swinging Strike 0-2: Ball 1-2: Ball 2-2: Strikes out swinging, 2-3 out at first.
|
| Bottom of the 8th over - 0 runs, 0 hits, 0 errors, 0 left on base; Atlanta (MID) 5 - Augusta 4 |
| TOP OF THE 9TH |
|
Atlanta (MID) Braves batting - Pitching for Augusta GreenJackets : RHP Lorenzo Merjil
|
|
Pitching: RHP Nate Heideman
|
|
|
Batting: LHB Travis Lazaro
|
0-0: Ball 1-0: Called Strike 1-1: Ball 2-1: Swinging Strike 2-2: Ground out U3 (Groundball, 3, EV 79.4 MPH)
|
|
Batting: RHB Bobby Light
|
0-0: Called Strike 0-1: Ball 1-1: Foul Ball, location: 2F 1-2: Ball 2-2: Ball 3-2: Ground out U3 (Groundball, 34, EV 97.5 MPH)
|
|
Batting: LHB Bobby Upton
|
0-0: Called Strike 0-1: Foul Ball, location: 2F 0-2: Strikes out swinging
|
| Top of the 9th over - 0 runs, 0 hits, 0 errors, 0 left on base; Atlanta (MID) 5 - Augusta 4 |
| BOTTOM OF THE 9TH |
|
Augusta GreenJackets batting - Pitching for Atlanta (MID) Braves : RHP Josh Thomas
|
|
Pitching: RHP Jeff Heaster
|
|
|
Batting: RHB Lucan Esini
|
0-0: Swinging Strike 0-1: Swinging Strike 0-2: DOUBLE (Flyball, 8RXD, EV 108.1 MPH)
|
|
Batting: LHB Gabe Velez
|
0-0: Ball 1-0: Ball 2-0: Fly out, F9 (Flyball, 9D, EV 94.4 MPH) Runner from 2nd tags up, SAFE at 3rd, no throw by RF
|
|
Batting: RHB Chris King
|
0-0: Ball 1-0: Foul Ball, location: 2F 1-1: Ground out 4-3 (Groundball, 4, EV 84.4 MPH)
|
|
Batting: RHB Drew Duncan
|
0-0: Called Strike 0-1: Ball 1-1: Foul Ball, location: 2F 1-2: SINGLE (Line Drive, 6MD, EV 104.4 MPH) Lucan Esini scores
|
|
Batting: RHB Davey Beeson
|
0-0: Called Strike 0-1: Ball 1-1: Ball Wild Pitch! Drew Duncan to second 2-1: Intentional Walk
|
|
Pinch Runner at 2nd Ian Richardson:
|
|
|
Pinch Hitting: LHB James Wheaton
|
0-0: Called Strike 0-1: Ball 1-1: Ball 2-1: Foul Ball, location: 2F 2-2: Foul Ball, location: 2F 2-2: Strikes out looking
|
| Bottom of the 9th over - 1 run, 2 hits, 0 errors, 2 left on base; Atlanta (MID) 5 - Augusta 5 |
| TOP OF THE 10TH |
|
Atlanta (MID) Braves batting - Pitching for Augusta GreenJackets : RHP Nate Heideman
|
|
Now at SS: Mike Jones
|
|
|
Batting: LHB Tommy Williams
|
0-0: Ball 1-0: Called Strike 1-1: Foul Ball, location: 2F 1-2: Foul Ball, location: 2F 1-2: Ball 2-2: SINGLE (Groundball, 4D, EV 94.4 MPH)
|
|
Batting: RHB Corey Dalton
|
0-0: Grounds into double play, 5-4-3 (Groundball, 5L, EV 102.5 MPH)
|
|
Batting: RHB Mike Shook
|
0-0: Called Strike 0-1: Ball 1-1: Ball 2-1: Foul Ball, location: 2F 2-2: Strikes out swinging
|
| Top of the 10th over - 0 runs, 1 hit, 0 errors, 0 left on base; Atlanta (MID) 5 - Augusta 5 |
| BOTTOM OF THE 10TH |
|
Augusta GreenJackets batting - Pitching for Atlanta (MID) Braves : RHP Jeff Heaster
|
|
Pitching: RHP Craig Goguen
|
|
|
Batting: RHB Juan Flores
|
0-0: Called Strike 0-1: Ball 1-1: Foul Ball, location: 2F 1-2: Ball 2-2: Strikes out looking
|
|
Batting: RHB Micah McErlean
|
0-0: DOUBLE (Line Drive, 9D, EV 93.8 MPH)
|
|
Batting: LHB Kevin Kantor
|
0-0: Intentional Walk
|
|
Batting: RHB Lucan Esini
|
0-0: Swinging Strike 0-1: Foul Ball, location: 2F 0-2: SINGLE (Groundball, 25, EV 63.1 MPH) (infield hit) Micah McErlean to third Kevin Kantor to second
|
|
Pinch Runner at 1st Mike Buchanan:
|
|
|
Batting: LHB Gabe Velez
|
0-0: Ball 1-0: Foul Ball, location: 2F 1-1: SINGLE (Groundball, 6M, EV 95.0 MPH) Micah McErlean scores
|
| Bottom of the 10th over - 1 run, 3 hits, 0 errors, 0 left on base; Atlanta (MID) 5 - Augusta 6 |
| |
|
Game Over ... Augusta defeats Atlanta (MID), 6 to 5
|
|
|